 Dungeon Crawl Stone Soup version 0.30-a0-50-gb2d611f6b1 (webtiles) character file.

Game seed: 6795705423966461929

226598 AarnesTheHuman the Warrior (level 18, -4/160 HPs)
             Began as a Barachi Ice Elementalist on Aug 17, 2022.
             Was an Initiate of Gozag.
             Killed from afar by a crystal guardian (18 damage)
             ... with a crystal bolt
             ... led by a peacekeeper
             ... on level 1 of the Vaults on Sept 4, 2022.
             The game lasted 04:12:40 (85683 turns).

AarnesTheHuman the Warrior (BaIE)                  Turns: 85683, Time: 04:12:41

Health: -4/160     AC: 21    Str: 20    XL:     18   Next: 89%
Magic:  24/34      EV: 11    Int: 21    God:    Gozag
Gold:   3116       SH: 15    Dex: 13    Spells: 8/41 levels left

rFire   + . .      SeeInvis .    b - +8 trident "Peaneluf" {vorpal, rN+ Will+}
rCold   + . .      Faith    .    o - +3 kite shield {rF+}
rNeg    + + .      Spirit   .    J - +6 scale mail "Citrakla" {Str+4 Slay+3}
rPois   +          Reflect  .    W - +2 helmet of Gozag's Brutal Revenge {*Corrode rN+ Will++ Str+4}
rElec   +          Harm     .    P - scarf {repulsion}
rCorr   .          Rampage  .    w - +2 pair of gloves
Will    ++++.      Archmagi +    Z - +2 pair of boots of Zyemot {rElec}
Stlth   +.........               g - amulet "Wyneenk" {RegenMP rPois Slay+2}
HPRegen 0.36/turn                B - ring of protection from cold
MPRegen 0.64/turn                m - ring of the Mage {Wiz Archmagi}

@: corroded, unable to hop, studying Maces & Flails, repel missiles, slow
A: amphibious, slowness 1, strong legs 2, +LOS
}: 2/15 runes: decaying, serpentine
a: Hop, Renounce Religion, Potion Petition, Call Merchant, Bribe Branch


You were on level 1 of the Vaults.
You worshipped Gozag.
Gozag was most pleased with you.
You visited 7 branches of the dungeon, and saw 32 of its levels.

You collected 12712 gold pieces.
You spent 3902 gold pieces at shops.
You paid 5694 gold pieces to Gozag.

Inventory:

Hand Weapons
 b - the +8 trident "Peaneluf" (weapon) {vorpal, rN+ Will+}
   (You found it on level 8 of the Dungeon)

   It inflicts extra damage upon your enemies.
   rN:        It protects you from negative energy.
   Will:      It increases your willpower.
Missiles
 p - 171 stones (quivered)
 y - 29 poisoned darts
 D - 2 throwing nets
 I - 6 datura-tipped darts
 X - 6 atropa-tipped darts
Armour
 o - a +3 kite shield of fire resistance (worn)
 w - a +2 pair of gloves (worn)
 J - the +6 scale mail "Citrakla" (worn) {Str+4 Slay+3}
   (You took it off an orc on level 12 of the Dungeon)

   Str:       It affects your strength (+4).
   Slay:      It affects your accuracy & damage with ranged weapons and melee
   (+3).
 P - a scarf of repulsion (worn)
 W - the +2 helmet of Gozag's Brutal Revenge (worn) {*Corrode rN+ Will++ Str+4}
   (You acquired it on level 1 of the Snake Pit)

   Str:       It affects your strength (+4).
   rN:        It protects you from negative energy.
   *Corrode:  It may corrode you when you take damage.
   Will:      It greatly increases your willpower.
 Z - the +2 pair of boots of Zyemot (worn) {rElec}
   (You acquired it on level 1 of the Snake Pit)

   rElec:     It insulates you from electricity.
Magical Staves
 O - a staff of fire
Jewellery
 g - the amulet "Wyneenk" (around neck) {RegenMP rPois Slay+2}
   (You bought it in a shop on level 8 of the Dungeon)

   [amulet of magic regeneration]

   It increases your rate of magic regeneration.
   Slay:      It affects your accuracy & damage with ranged weapons and melee
   (+2).
   rPois:     It protects you from poison.
 m - the ring of the Mage (right hand) {Wiz Archmagi}
   (You bought it in a shop on level 8 of the Dungeon)

   [ring of wizardry]

   It improves your spell success rate.
   Archmagi:  It increases the power of your magical spells.
 B - a ring of protection from cold (left hand)
 F - the ring "Urigg" {Fire rN++ Str+2 Slay+3}
   (You bought it in a shop on level 8 of the Dungeon)

   [ring of fire]

   It enhances your fire magic.
   Str:       It affects your strength (+2).
   Slay:      It affects your accuracy & damage with ranged weapons and melee
   (+3).
   rF:        It protects you from fire.
   rC:        It makes you vulnerable to cold.
   rN:        It greatly protects you from negative energy.
 L - a ring of see invisible
 S - a ring of wizardry
Wands
 f - a wand of mindburst (12)
 u - a wand of flame (33)
 v - a wand of roots (38)
 U - a wand of acid (2)
 Y - a wand of digging (8)
Scrolls
 a - 2 scrolls of blinking
 k - 2 scrolls of silence
 l - 7 scrolls of torment
 n - 4 scrolls of fear
 s - 4 scrolls of poison
 t - 5 scrolls of magic mapping
 C - 11 scrolls of teleportation
 E - 5 scrolls of enchant weapon
 N - 3 scrolls of fog
 Q - a scroll of acquirement
 R - 2 scrolls of summoning
Potions
 c - 8 potions of lignification
 d - 12 potions of curing
 e - 6 potions of attraction
 h - 2 potions of invisibility
 i - 5 potions of berserk rage
 j - a potion of might
 r - 4 potions of haste
 x - 8 potions of ambrosia
 z - 3 potions of cancellation
 A - 7 potions of flight
 H - 4 potions of heal wounds
 M - 4 potions of magic
 T - 4 potions of brilliance
 V - a potion of resistance


   Skills:
 + Level 19.2 Fighting
 - Level 2.2 Maces & Flails
 + Level 12.3 Polearms
 - Level 12.0 Armour
 - Level 7.0 Dodging
 - Level 2.0 Stealth
 - Level 11.5 Shields
 + Level 12.3 Spellcasting
 - Level 11.0 Conjurations
 - Level 7.5 Hexes
 - Level 13.5 Summonings
 - Level 4.0 Necromancy
 - Level 2.0 Transmutations
 - Level 9.0 Ice Magic
 - Level 7.0 Air Magic
 - Level 0.4 Poison Magic


You had 8 spell levels left.
You knew the following spells:

 Your Spells              Type           Power      Damage    Failure   Level
a - Freeze                Ice            100%       1d11      1%          1
b - Frozen Ramparts       Ice            100%       1d16      1%          3
c - Summon Ice Beast      Ice/Summ       74%        N/A       1%          4
d - Passwall              Tmut/Erth      20%        N/A       10%         2
e - Ozocubu's Armour      Ice            66%        N/A       1%          3
f - Necrotise             Necr           100%       1d9       1%          1
g - Mephitic Cloud        Conj/Pois/Air  55%        N/A       2%          3
h - Summon Mana Viper     Hex/Summ       71%        N/A       3%          5
i - Poisonous Vapours     Pois/Air       84%        N/A       3%          2
j - Fireball              Conj/Fire      26%        3d12      26%         5
k - Summon Lightning Spi  Summ/Air       71%        N/A       1%          4

Your spell library contained the following spells:

 Spells                   Type           Power      Damage    Failure   Level
 Magic Dart               Conj           100%       1d8       1%          1
 Slow                     Hex            100%       N/A       1%          1
 Call Imp                 Summ           81%        N/A       1%          2
 Ensorcelled Hibernation  Hex/Ice        100%       N/A       1%          2
 Confusing Touch          Hex            61%        N/A       1%          3
 Summon Guardian Golem    Hex/Summ       71%        N/A       1%          3
 Swiftness                Air            59%        N/A       1%          3
 Tukima's Dance           Hex            61%        N/A       1%          3
 Hailstorm                Conj/Ice       70%        3d15      1%          4
 Iskenderun's Battlesphe  Conj           73%        2d12      2%          5
 Stone Arrow              Conj/Erth      100%       3d13      3%          3
 Portal Projectile        Hex/Tloc       86%        N/A       6%          3
 Vampiric Draining        Necr           44%        2d9       6%          3
 Animate Armour           Summ/Erth      100%       N/A       6%          4
 Summon Cactus Giant      Summ           40%        N/A       6%          6
 Ice Form                 Ice/Tmut       52%        N/A       10%         4
 Silence                  Hex/Air        30%        N/A       13%         5
 Summon Forest            Summ/Tloc      29%        N/A       16%         5
 Leda's Liquefaction      Hex/Erth       21%        N/A       21%         4
 Summon Hydra             Summ           40%        N/A       30%         7
 Conjure Ball Lightning   Conj/Air       33%        3x3d11    32%         6
 Agony                    Necr           44%        N/A       43%         5
 Orb of Destruction       Conj           36%        9d11      61%         7
 Passage of Golubria      Tloc           19%        N/A       65%         4
 Blade Hands              Tmut           16%        N/A       71%         5
 Iron Shot                Conj/Erth      26%        9d6       80%         6
 Haunt                    Necr/Summ      32%        N/A       89%         7
 Lee's Rapid Deconstruct  Erth           9%         3d8*      92%         5
 Statue Form              Tmut/Erth      16%        N/A       100%        6
 Lehudib's Crystal Spear  Conj/Erth      26%        10d7      100%        8
 Corpse Rot               Necr/Pois/Air  Unusable   N/A       N/A         4

Dungeon Overview and Level Annotations

Branches:
Dungeon (15/15)            Temple (1/1) D:7            Lair (5/5) D:8
  Swamp (4/4) Lair:3        Snake (4/4) Lair:2        Slime (0/5) Lair:4
    Orc (2/2) D:12            Elf (0/3) Orc:2        Vaults (1/5) D:13
 Depths (0/4) D:15

Altars:
Ashenzari
Dithmenos
Elyvilon
Fedhas
Gozag
Hepliaklqana
Kikubaaqudgha
Makhleb
Nemelex Xobeh
Okawaru
Qazlal
Sif Muna
Trog
Uskayaw
Wu Jian
Xom
Zin
The Shining One
Lugonu

Shops:
D:4 (   D:5 *   D:8 ![==   Orc:1 [   Orc:2 (!?=   Snake:2 :

Annotations:
D:2 exclusion: downstairs
D:4 Grinder
D:10 2 transporters
D:13 2 runed translucent doors, exclusion: 2 doors
Lair:1 exclusion: downstairs
Swamp:1 exclusion: downstairs
Snake:2 exclusion: 2 downstairs
Snake:3 5 transporters, 3 runed translucent doors, exclusions: 3 doors and downstairs, Nattfarinn's ghost, journeyman GrVM
Snake:4 3 runed translucent doors, exclusion: 3 doors, crabbyslav's ghost, adept DsBe


Innate Abilities, Weirdness & Mutations

You are amphibious.
You cover ground slowly.
You can hop long distances.
You have an extended range of vision and can be seen from far away.


Message History

The crystal bolt burns you. You resist.
The war gargoyle is distracted by your dazzling golden aura.
You puncture the war gargoyle!
You destroy the war gargoyle!
The crystal guardian fires a crystalline bolt at you.
The crystal bolt freezes you! You resist.
* * * LOW HITPOINT WARNING * * *
Casting: Summon Ice Beast (mildly dangerous; 1% risk of failure)
Confirm with . or Enter, or press ? or * to list all spells.
Casting: Frozen Ramparts (safe; 1% risk of failure)
Press: ? - help, Dir - look around, f - activate You feel a surge of power!
The walls around you are covered in ice.
The wall freezes the crystal guardian but does no damage.
The crystal guardian fires a crystalline bolt at you.
The crystal bolt burns you! You resist.
* * * LOW HITPOINT WARNING * * *
Your corrosive artefact corrodes you!
Reach: b) +8 trident "Peaneluf" {vorpal, rN+ Will+}
Press: ? - help, Dir - move target, f - crystal guardian
Aim: a crystal guardian (strong, ally target, about 2% to evade the +8 trident "Peaneluf")
You reach to attack!
You hit the crystal guardian but do no damage.
Unknown command.
Unknown command.
Unknown command.
Hop to where?
Press: ? - help, Dir - move target, p - crystal guardian Your frozen ramparts will break if you move.
Continue?
The frozen ramparts melt away as you move.
Boing!
The crystal guardian is distracted by your dazzling golden aura.
The crystal guardian is no longer distracted by gold.
The crystal guardian fires a crystalline bolt at you.
The crystal bolt freezes you! You resist.
* * * LOW HITPOINT WARNING * * *
The crystal guardian fires a crystalline bolt at you.
The crystal bolt freezes you!! You resist.
You die...
Your body crumbles into a pile of gold.

######### .
#.......# .#
#.......# ..#
#.......# ...#
#.......# ....#
#...@.8.# .....#
#......$#......#
#......°9......#
#########......#
...... .....
.... ... ..


You could see a crystal guardian (strong, ally target) and a friendly lightning
spire (summoned).

Vanquished Creatures
  Mara (Snake:3)
  Mlioglotl (Snake:4)
  4 nagarajas (Snake:4)
  An azure jelly (shapeshifter) (D:15)
  2 orc warlords (D:12)
  A war gargoyle (Vaults:1)
  2 very ugly things (D:15)
  2 eleionomae (Swamp:2)
  2 bunyips
  Snorg (D:12)
  A great orb of eyes (D:15)
  2 shambling mangroves (Swamp:4)
  Harold (D:12)
  20 hydras
  3 boulder beetles
  A peacekeeper (Vaults:1)
  3 ghost crabs
  3 ogre magi (Orc:2)
  A salamander tyrant (Snake:4)
  An alligator (shapeshifter) (D:15)
  Erica (D:8)
  6 vault guards (D:13)
  13 anacondas
  13 two-headed ogres
  7 centaur warriors
  4 alligators
  9 naga warriors
  9 shock serpents
  A spriggan berserker (Swamp:4)
  3 death yaks (Lair:5)
  8 naga sharpshooters
  2 salamander mystics (Snake:2)
  2 goliath frogs (Swamp:4)
  Lodul (D:13)
  A spriggan druid (Swamp:2)
  A bog body (Swamp:4)
  2 sea snakes (Snake:2)
  5 naga ritualists
  Pikel (D:8)
  An orc knight (Orc:1)
  A deep elf pyromancer (D:14)
  A swamp dragon (Swamp:4)
  10 mana vipers
  A phantasmal warrior (D:14)
  5 ugly things
  An orc sorcerer (Orc:1)
  6 will-o-the-wisps
  7 salamanders
  A wolf spider (Lair:5)
  3 cyclopes
  2 manticores
  Maurice (D:9)
  8 guardian serpents
  7 naga magi
  43 black mambas
  A torpor snail (Lair:5)
  11 cane toads
  2 rime drakes
  An unseen horror (D:12)
  A komodo dragon (shapeshifter) (D:13)
  An efreet (D:13)
  7 komodo dragons
  Maggie (D:8)
  A queen bee (D:9)
  6 trolls
  A polar bear (Lair:4)
  A queen bee (shapeshifter) (D:14)
  6 dream sheep
  5 tyrant leeches
  8 hornets
  11 blink frogs
  8 slime creatures
  A shadow (D:10)
  6 wraiths
  5 spriggans
  16 wyverns
  A water elemental (D:15)
  31 yaks
  A human (D:13)
  Grum (D:10)
  3 redbacks (Lair:5)
  4 basilisks
  7 vampire mosquitoes
  2 steam dragons
  Menkaure (D:7)
  A warg (D:12)
  29 nagas
  13 water moccasins
  8 swamp worms
  9 swamp drakes
  A black bear (D:7)
  A sky beast (D:6)
  18 orc warriors
  39 ogres
  38 wolves
  3 centaurs
  2 lemures (D:8)
  A kobold brigand (D:8)
  2 gnoll sergeants
  2 necrophages
  19 bullfrogs
  2 scorpions
  15 wights
  34 killer bees
  6 howler monkeys
  2 nameless horrors
  7 electric eels
  2 jellies (D:6)
  3 hounds
  14 orc priests
  3 iguanas
  A gnoll bouda (D:5)
  18 orc wizards
  20 gnolls
  11 adders
  A white imp (D:7)
  2 worms
  6 dart slugs
  69 orcs
  12 ball pythons
  6 endoplasms
  4 giant cockroaches
  9 goblins
  5 hobgoblins
  2 jackals (D:2)
  9 kobolds
  A quokka (D:2)
  3 bats
  3 frilled lizards
  4 rats
851 creatures vanquished.

Vanquished Creatures (collateral kills)
  A sphinx (D:14)
  Gastronok (Orc:1)
  Agnes (D:14)
  4 nagarajas
  A fenstrider witch (Swamp:3)
  An eleionoma (Swamp:2)
  An ettin (D:14)
  Josephine (D:15)
  2 rakshasas (D:15)
  2 vault guards (D:13)
  A salamander tyrant (Snake:4)
  2 hydras (Swamp:4)
  4 alligators
  2 anacondas
  4 naga warriors (Snake:4)
  An ogre mage (Orc:2)
  5 two-headed ogres
  3 naga sharpshooters (Snake:4)
  A spriggan (Swamp:1)
  2 goliath frogs
  A spriggan druid (Swamp:3)
  4 swamp dragons (Swamp:4)
  A naga ritualist (Snake:3)
  A wizard (D:14)
  2 bog bodies (Swamp:4)
  A deep elf pyromancer (D:14)
  A manticore (D:14)
  2 ugly things
  A salamander (Snake:3)
  5 guardian serpents (Snake:4)
  9 naga magi
  7 black mambas
  2 bloated husks
  A hornet (Swamp:1)
  2 tyrant leeches
  4 slime creatures
  2 blink frogs (Lair:1)
  A yak (Lair:5)
  12 nagas
  5 swamp worms
  6 swamp drakes
  An ogre (Orc:2)
  A wolf (Lair:2)
  2 wights
  A howler monkey (D:12)
  A starspawn tentacle (Snake:4)
116 creatures vanquished.

Vanquished Creatures (others)
  A wizard (D:3)
  A guardian serpent (Snake:4)
  2 bloated husks
  A hornet (Swamp:4)
  A water elemental (D:13)
  An air elemental (D:13)
  5 bushes
  42 foxfires
  32 fungi
  77 plants
  A starspawn tentacle (Snake:4)
164 creatures vanquished.

Grand Total: 1131 creatures vanquished

Notes
Turn   | Place    | Note
-------+----------+-------------------------------------------
     0 | D:1      | AarnesTheHuman the Barachi Ice Elementalist began the quest
                  | for the Orb.
     0 | D:1      | Reached XP level 1. HP: 13/13 MP: 3/3
   586 | D:1      | Reached XP level 2. HP: 19/19 MP: 1/5
   592 | D:1      | Reached skill level 5 in Ice Magic
  1177 | D:2      | Reached XP level 3. HP: 18/25 MP: 4/6
  1423 | D:2      | Reached skill level 1 in Armour
  1465 | D:2      | Reached skill level 1 in Fighting
  1609 | D:2      | Learned a level 3 spell: Frozen Ramparts
  1944 | D:2      | Found a faded altar of an unknown god.
  1987 | D:2      | Reached XP level 4. HP: 32/32 MP: 6/8
  2343 | D:2      | Reached XP level 5. HP: 29/37 MP: 8/10
  3882 | D:3      | Found a broken altar of Ashenzari.
  3889 | D:3      | You fall into a shaft and drop 3 floors!
  3894 | D:5      | Entered Level 5 of the Dungeon
  3894 | D:5      | Noticed an ogre
  3906 | D:4      | Found an ornate altar of the Wu Jian Council.
  3916 | D:4      | Noticed Grinder
  4281 | D:3      | Found an opulent altar of Gozag.
  4308 | D:3      | Became a worshipper of Gozag Ym Sagoz the Greedy
  4388 | D:3      | Found a bloodstained altar of Trog.
  4390 | D:3      | Noticed a wizard
  4395 | D:3      | Killed a wizard
  4483 | D:3      | Found a sparkling altar of Nemelex Xobeh.
  4865 | D:4      | Reached XP level 6. HP: 30/43 MP: 10/12
  5335 | D:4      | Found Ceolo's Antique Weapon Emporium.
  5602 | D:5      | Found Atask's Serpentskin Sales.
  5602 | D:5      | Noticed a water moccasin
  5605 | D:5      | Noticed a water moccasin
  5606 | D:5      | Killed a water moccasin
  5607 | D:5      | Reached skill level 5 in Spellcasting
  5607 | D:5      | Reached XP level 7. HP: 48/48 MP: 10/14
  5609 | D:5      | Reached skill level 2 in Fighting
  5732 | D:5      | Bought a +2 robe of poison resistance for 176 gold pieces
  6075 | D:5      | Found a hazy altar of Hepliaklqana.
  6079 | D:5      | Found a shadowy altar of Dithmenos.
  6081 | D:5      | Noticed a shadow
  6139 | D:5      | Reached skill level 3 in Fighting
  6253 | D:5      | Learned a level 4 spell: Summon Ice Beast
  6341 | D:5      | Found a glowing silver altar of Zin.
  6350 | D:5      | Reached skill level 1 in Summonings
  6409 | D:5      | Found a burning altar of Makhleb.
  6786 | D:5      | Reached XP level 8. HP: 12/53 MP: 15/15
  7190 | D:5      | HP: 1/50 [wight/+0 long sword (7)]
  7574 | D:5      | Reached skill level 1 in Maces & Flails
  7822 | D:6      | Learned a level 2 spell: Passwall
  9854 | D:6      | Reached skill level 1 in Transmutations
 10095 | D:6      | Reached skill level 5 in Summonings
 10630 | D:6      | Found a stormy altar of Qazlal.
 10632 | D:6      | Noticed an air elemental
 10632 | D:6      | Noticed a water elemental
 11367 | D:6      | Upgraded the game from 0.29-a0-1052-g6990b1bffc to
                  | 0.30-a0-42-g806c11bf1d
 11596 | D:4      | Reached skill level 4 in Fighting
 11983 | D:7      | Reached XP level 9. HP: 66/66 MP: 13/18
 12255 | D:7      | Reached skill level 5 in Fighting
 12255 | D:7      | Reached skill level 5 in Armour
 12537 | D:7      | Learned a level 3 spell: Ozocubu's Armour
 12568 | D:7      | Found a staircase to the Ecumenical Temple.
 12581 | D:7      | Learned a level 1 spell: Necrotise
 12589 | Temple   | Entered the Ecumenical Temple
 12701 | D:7      | Noticed Menkaure
 12713 | D:7      | Killed Menkaure
 12840 | D:7      | Reached skill level 1 in Necromancy
 12909 | D:7      | Reached skill level 1 in Shields
 13105 | D:7      | Reached skill level 6 in Fighting
 13702 | D:7      | Upgraded the game from 0.30-a0-42-g806c11bf1d to
                  | 0.30-a0-43-gbbf338a72c
 13795 | D:8      | Noticed Maggie
 13806 | D:8      | Killed Maggie
 13922 | D:8      | Noticed Pikel
 13934 | D:8      | Killed Pikel
 13935 | D:8      | Reached skill level 7 in Fighting
 13935 | D:8      | Reached XP level 10. HP: 80/80 MP: 17/20
 14615 | D:8      | Identified the +8 trident "Peaneluf" {vorpal, rN+ Will+}
 14724 | D:8      | Found a staircase to the Lair.
 14768 | D:8      | Reached skill level 1 in Polearms
 15139 | D:9      | Found a shimmering blue altar of Sif Muna.
 15225 | D:9      | Noticed a two-headed ogre
 15236 | D:9      | Killed a two-headed ogre
 15257 | D:9      | Found a flagged portal.
 15259 | D:9      | Noticed Maurice
 15344 | D:9      | Noticed a two-headed ogre
 15463 | D:9      | Killed a two-headed ogre
 15704 | D:9      | Reached skill level 8 in Fighting
 15755 | D:9      | Killed Maurice
 15909 | D:9      | Reached XP level 11. HP: 50/87 MP: 22/22
 16524 | D:9      | Found a glowing golden altar of the Shining One.
 16913 | D:10     | Entered Level 10 of the Dungeon
 17190 | D:10     | Found a blossoming altar of Fedhas.
 17209 | D:10     | Noticed a two-headed ogre
 17472 | D:10     | Killed a two-headed ogre
 17523 | D:10     | Found a transporter.
 17524 | D:10     | Noticed a red ugly thing
 17525 | D:10     | Found a corrupted altar of Lugonu.
 17527 | D:10     | Noticed a large abomination
 17527 | D:10     | Noticed a thrashing horror
 17595 | D:10     | Reached skill level 9 in Fighting
 18004 | D:10     | Noticed an eleionoma
 18006 | D:10     | Found a transporter.
 18099 | D:10     | Found a hide-covered altar of Uskayaw.
 18108 | D:10     | Found a white marble altar of Elyvilon.
 18146 | D:10     | Noticed Grum
 18242 | D:10     | Killed Grum
 18586 | Lair:1   | Entered Level 1 of the Lair of Beasts
 18691 | Lair:1   | Reached skill level 5 in Shields
 19113 | Lair:1   | Reached skill level 10 in Fighting
 19129 | Lair:1   | Learned a level 3 spell: Mephitic Cloud
 19329 | D:8      | Bought the ring of the Mage {Wiz Archmagi} for 663 gold
                  | pieces
 19329 | D:8      | Found the ring of the Mage {Wiz Archmagi}
 19410 | D:10     | Noticed a faun
 19412 | D:10     | Noticed a quicksilver dragon
 19609 | Lair:1   | Reached skill level 1 in Conjurations
 20440 | Lair:2   | Found a staircase to the Snake Pit.
 20569 | Lair:2   | Noticed a seven-headed hydra
 20579 | Lair:2   | Killed a seven-headed hydra
 20580 | Lair:2   | Reached XP level 12. HP: 76/97 MP: 19/24
 20806 | Lair:2   | Noticed a seven-headed hydra
 20820 | Lair:2   | Killed a seven-headed hydra
 20827 | Lair:2   | Reached skill level 5 in Conjurations
 22440 | Lair:3   | Reached skill level 11 in Fighting
 23617 | Lair:4   | Found a staircase to the Slime Pits.
 23878 | Lair:4   | Reached skill level 10 in Armour
 24146 | Lair:5   | Entered Level 5 of the Lair of Beasts
 24240 | Lair:5   | Gained mutation: You can hop long distances. [Barachi
                  | growth]
 24240 | Lair:5   | Reached XP level 13. HP: 103/106 MP: 21/25
 24386 | Lair:5   | Reached skill level 12 in Fighting
 25037 | Lair:5   | Upgraded the game from 0.30-a0-43-gbbf338a72c to
                  | 0.30-a0-49-g1cef19eb02
 25292 | Lair:3   | Found a staircase to the Swamp.
 27869 | Lair:4   | Upgraded the game from 0.30-a0-49-g1cef19eb02 to
                  | 0.30-a0-50-gb2d611f6b1
 28195 | D:5      | Bought a +1 ring mail of poison resistance for 156 gold
                  | pieces
 28512 | Lair:5   | Reached skill level 13 in Fighting
 28515 | Lair:5   | Reached skill level 10 in Polearms
 28919 | Lair:5   | Identified the +1 chain mail of the Trombone {Harm Regen+
                  | Str-3 Slay+5}
 30205 | Lair:5   | Identified the +11 falchion of Responsibility {vamp, +Blink
                  | rPois}
 30217 | Lair:5   | Learned a level 4 spell: Hailstorm
 30661 | D:8      | Noticed Erica
 30712 | D:8      | Killed Erica
 31193 | D:11     | Reached XP level 14. HP: 115/118 MP: 27/27
 31219 | D:11     | Identified the +1 robe of Xom's Righteous Anger {Drain
                  | Str+5}
 33891 | D:12     | Reached skill level 5 in Dodging
 34923 | D:12     | Found a staircase to the Orcish Mines.
 35568 | D:12     | Identified the +6 scale mail "Citrakla" {Str+4 Slay+3}
 35702 | D:8      | Bought the amulet "Wyneenk" {RegenMP rPois Slay+2} for 644
                  | gold pieces
 36096 | D:13     | Noticed Lodul
 36107 | D:13     | Killed Lodul
 36629 | Orc:1    | Entered Level 1 of the Orcish Mines
 36653 | Orc:1    | Noticed Snorg
 36799 | D:12     | Killed Snorg
 36800 | D:12     | Reached skill level 10 in Spellcasting
 37124 | Orc:1    | Noticed an orc warlord
 37172 | D:12     | Killed an orc warlord
 37563 | Orc:1    | Noticed Harold
 37683 | Orc:1    | Noticed an orc warlord
 37700 | D:12     | Killed Harold
 38124 | D:12     | Killed an orc warlord
 39007 | Orc:1    | Noticed Gastronok
 39066 | Orc:1    | Killed Gastronok
 39458 | Orc:1    | You fall into a shaft and drop 1 floor!
 39458 | Orc:2    | Entered Level 2 of the Orcish Mines
 40440 | Orc:2    | Reached skill level 14 in Fighting
 40571 | Orc:1    | Bought a shadowed robe for 188 gold pieces
 40571 | Orc:1    | Identified the +1 robe of Wanaisob {rPois Dex+7 Slay-6
                  | Stlth+} (You bought it in a shop on level 1 of the Orcish
                  | Mines)
 40944 | Orc:2    | Paralysed by an ogre mage for 4 turns
 41166 | Orc:2    | Reached XP level 15. HP: 127/127 MP: 25/29
 41181 | Orc:2    | Reached skill level 15 in Fighting
 41374 | Orc:2    | Reached skill level 1 in Air Magic
 43660 | Orc:2    | Found Werot's Antique Weapon Shoppe.
 43660 | Orc:2    | Found Koarr's Magic Scroll Boutique.
 43661 | Orc:2    | Found Aczerade's Distillery.
 43661 | Orc:2    | Found Bexypiyt's Jewellery Emporium.
 43670 | Orc:2    | Found a staircase to the Elven Halls.
 43812 | D:8      | Bought a ring of protection from cold for 325 gold pieces
 44219 | D:8      | Bought the ring "Urigg" {Fire rN++ Str+2 Slay+3} for 770
                  | gold pieces
 45026 | D:13     | Found a large runed translucent door.
 45026 | D:13     | Found a large runed translucent door.
 45116 | D:13     | Found a gate to the Vaults.
 45151 | D:13     | Reached skill level 10 in Conjurations
 47774 | D:15     | Entered Level 15 of the Dungeon
 49285 | D:15     | Noticed a sphinx
 49373 | D:14     | Killed a sphinx
 49613 | D:15     | Reached skill level 10 in Shields
 49627 | D:15     | Noticed Josephine
 49758 | D:15     | Killed Josephine
 50123 | D:15     | Noticed Agnes
 50138 | D:14     | Killed Agnes
 50657 | D:14     | Reached skill level 16 in Fighting
 51680 | D:15     | Reached XP level 16. HP: 120/138 MP: 24/30
 52822 | D:15     | Noticed a sphinx
 52822 | D:15     | a dire elephant changed into a sphinx
 52825 | D:15     | Noticed an azure jelly
 52825 | D:15     | a sphinx changed into an azure jelly
 52827 | D:15     | Noticed a storm dragon
 52827 | D:15     | an azure jelly changed into a storm dragon
 52839 | D:15     | a storm dragon changed into a death yak
 52852 | D:15     | Noticed a quicksilver dragon
 52852 | D:15     | an iron troll changed into a quicksilver dragon
 52853 | D:15     | Noticed an azure jelly
 52853 | D:15     | a quicksilver dragon changed into an azure jelly
 52858 | D:15     | Killed an azure jelly
 53097 | D:15     | Found a staircase to the Depths.
 53182 | D:15     | Identified the +11 long sword of Distant Worlds {pain,
                  | Drain rElec rF+ Stlth+}
 53713 | Swamp:1  | Entered Level 1 of the Swamp
 54219 | Snake:1  | Entered Level 1 of the Snake Pit
 55410 | Snake:1  | Reached skill level 17 in Fighting
 58166 | Snake:2  | Learned a level 2 spell: Poisonous Vapours
 58207 | Snake:1  | Learned a level 5 spell: Fireball
 58443 | Snake:2  | Found Poahokaq's Tremendous Tomes.
 58451 | Snake:2  | Bought the Spellbook of the Entourage for 980 gold pieces
 58456 | Snake:2  | Learned a level 4 spell: Summon Lightning Spire
 58734 | D:15     | Learned a level 5 spell: Summon Mana Viper
 59379 | Snake:2  | Reached skill level 1 in Hexes
 59610 | Snake:2  | Reached skill level 5 in Air Magic
 60575 | Snake:2  | Noticed a nagaraja
 60586 | Snake:2  | Killed a nagaraja
 61023 | Snake:2  | Reached skill level 10 in Summonings
 61023 | Snake:2  | Reached XP level 17. HP: 148/148 MP: 31/31
 62601 | Snake:3  | Noticed Mara
 62606 | Snake:3  | Noticed AarnesTheHuman's illusion
 62830 | Snake:3  | Noticed AarnesTheHuman's illusion
 62835 | Snake:3  | Noticed AarnesTheHuman's illusion
 62838 | Snake:3  | Killed Mara
 62839 | Snake:3  | Reached skill level 18 in Fighting
 63024 | Snake:3  | Found a transporter.
 63027 | Snake:3  | Found a transporter.
 63050 | Snake:3  | Found a transporter.
 63059 | Snake:3  | Found a transporter.
 63129 | Snake:1  | Identified 3 scrolls of acquirement
 63130 | Snake:1  | Acquired the +2 helmet of Gozag's Brutal Revenge {*Corrode
                  | rN+ Will++ Str+4}
 63142 | Snake:1  | Acquired the +2 pair of boots of Zyemot {rElec}
 63154 | Snake:1  | Acquired a scarf of repulsion
 63502 | Snake:3  | Found a runed translucent gate.
 63502 | Snake:3  | Found a runed translucent gate.
 63502 | Snake:3  | Found a runed translucent gate.
 63503 | Snake:3  | Noticed Nattfarinn's ghost (journeyman GrVM)
 63581 | Snake:3  | Found a transporter.
 63590 | Snake:3  | Found a transporter.
 63697 | Snake:4  | Entered Level 4 of the Snake Pit
 66401 | Snake:4  | Noticed Mlioglotl
 66408 | Snake:4  | Noticed a tentacled starspawn
 66420 | Snake:4  | Killed Mlioglotl
 66421 | Snake:4  | Reached skill level 5 in Hexes
 70119 | Snake:4  | Found a runed translucent gate.
 70119 | Snake:4  | Found a runed translucent gate.
 70119 | Snake:4  | Found a runed translucent gate.
 70121 | Snake:4  | Noticed crabbyslav's ghost (adept DsBe)
 72507 | Snake:4  | Reached XP level 18. HP: 157/157 MP: 25/34
 73661 | Snake:4  | Got a serpentine rune of Zot
 79194 | Swamp:2  | Reached skill level 19 in Fighting
 80602 | Swamp:3  | Identified the +9 dagger of the Warrior {freeze, rF+ rC+
                  | Stlth-}
 80907 | Swamp:4  | Entered Level 4 of the Swamp
 84525 | Swamp:4  | Identified the +10 plate armour "Bugeb" {rN+ Will+ Stlth+}
 85229 | Swamp:4  | Got a decaying rune of Zot
 85649 | Vaults:1 | Entered Level 1 of the Vaults
 85683 | Vaults:1 | Killed from afar by a crystal guardian

Illustrated notes

Levels and vault maps discovered:
D:1:      sevenhm_arrival_forest_fort_large_2, layout_loops_ring
D:2:      minmay_chambers_of_ones, layout_loops_ring,
          shapermc_ecumenical_altar_ellora, chequers_garden
D:3:      layout_rooms, cheibrodos_ashenzari_chains, amcnicky_altar_gilded,
          mainiacjoe_overflow_surrounded_room, trog_wizard
D:4:      layout_loops_ring, lemuel_doored_altar,
          lemuel_zombie_altar_yredelemnul, serial_shops, shop, uniq_grinder
D:5:      layout_rooms, riverfiend_overflow_shadow_ancestor, old_standard_altar,
          nicolae_overflow_crystal_walls, guppyfry_shop_venom
D:6:      layout_basic, nicolae_qazlal_style_of_elements
D:7:      layout_gridville, minmay_temple_entry_stoned_glass, uniq_menkaure
D:8:      layout_basic, minivault_21, minmay_misc_feat_tower,
          nicolae_concentric_dashed_squares_wild, uniq_pikel, uniq_maggie,
          uniq_erica
D:9:      layout_roguey [special_room_bee], nicolae_tso_swordbearing_angel,
          mainiacjoe_overflow_paths, enter_bailey_2, uniq_maurice
D:10:     gammafunk_corrupted_shrine, layout_long_grid, old_standard_altar,
          mainiacjoe_overflow_swirl, uniq_grum
D:11:     layout_basic
D:12:     layout_cave_pools, hiddenorc2_lemuel
D:13:     layout_rooms, erik_vaults_2, grunt_livestock,
          lightli_elemental_guards, uniq_lodul
D:14:     layout_small_grid, minmay_hedge_maze, dk_noncrumbling_2,
          minmay_starry_boxes
D:15:     gammafunk_enter_depths_forms, layout_basic, nicolae_benzene_ring,
          chequers_serial_rivers_micro_b, minmay_diamond_spiral, uniq_agnes,
          uniq_josephine
Temple:   hellmonk_temple_rainy
Lair:1:   layout_layer_cave, special_room
Lair:2:   layout_chaotic_city, guppyfry_snake_entry_island,
          grunt_forest_large_clearings, grunt_megastairs_5
Lair:3:   layout_cave_shapes, minmay_swamp_entry_wisps, serial_bayou,
          serial_bayou_lake_a, serial_bayou_pond_e, serial_bayou_lagoon_b,
          serial_bayou_ford_a, st_stairs_6, beast_lair_carwin_6,
          infiniplex_staircase_pool_2, lemuel_fruit_tree
Lair:4:   wander_river, layout_gridlike, dpeg_slime_entry_corner,
          grunt_megastairs_2, infiniplex_staircase_pool, serial_bayou_shore_b
Lair:5:   hangedman_lair_tendril_chambers, layout_long_grid,
          serial_bayou_pond_c, lemuel_fruit_fields
Swamp:1:  layout_basic_swamp, hangedman_swamp_ruin_wall
Swamp:2:  layout_basic_swamp, evilmike_swamp_ruin_wall, swamp_pool4
Swamp:3:  layout_basic_swamp, evilmike_swamp_ruin_house_4, swamp_pool3,
          grunt_witch_cave
Swamp:4:  swamp_basic_johnstein, layout_basic_swamp, swamp_pool1,
          roderic_carrion_pond
Snake:1:  layout_rooms
Snake:2:  kennysheep_snake, layout_misc_corridors,
          nicolae_shop_i_like_big_books, guppyfry_snake_island
Snake:3:  layout_misc_corridors, ebering_ghost_rock_garden,
          serial_nicolae_subway, nicolae_sub_station_stone,
          nicolae_sub_station_crystal, nicolae_sub_station_metal, uniq_mara
Snake:4:  snake_hunt, layout_chambers, gammafunk_ghost_necromancy,
          grunt_ministairs_1, corexii_hall_statues_i, uniq_mlioglotl
Orc:1:    layout_caves, uniq_snorg, uniq_gastronok, uniq_harold
Orc:2:    st_orc_ogre_mass, layout_caves
Vaults:1: ontoclasm_vaults_loading_screen, nicolae_vaults_little_ls,
          v_alt_pattern_4, nicolae_vaults_what_the_h, vaults_dpeg_hooks,
          v_misc_18, ontoclasm_vaults_eye, st_cells, v_misc_24,
          layout_vaults_quadrants, serial_shops, shop_fountains

Skill      XL: |  1  2  3  4  5  6  7  8  9 10 11 12 13 14 15 16 17 18 |
---------------+-------------------------------------------------------+-----
Stealth        | 2 |  2.0
Ice Magic      | 5 6 7 8 9 |  9.0
Armour         | 1 3 4 5 7 10 11 12 | 12.0
Fighting       | 1 3 4 7 8 10 11 13 14 16 17 18 19 | 19.2
Spellcasting   | 3 4 5 6 7 8 9 10 12 | 12.3
Summonings     | 2 5 6 8 10 12 13 | 13.5
Maces & Flails | 2 |  2.2
Transmutations | 2 |  2.0
Necromancy     | 4 |  4.0
Shields        | 3 5 7 10 11 | 11.5
Polearms       | 6 8 10 12 | 12.3
Conjurations   | 4 7 9 10 11 | 11.0
Dodging        | 3 4 6 7 |  7.0
Air Magic      | 4 5 7 |  7.0
Hexes          | 4 6 7 |  7.5
Poison Magic   | |  0.4

Action                   |  1- 3 |  4- 6 |  7- 9 | 10-12 | 13-15 | 16-18 || total
-------------------------+-------+-------+-------+-------+-------+-------++-------
Melee: Club              |     1 |       |       |       |       |       ||     1
       Dagger            |    14 |    33 |    35 |       |       |       ||    82
       Punch             |       |     1 |     1 |       |       |       ||     2
       Whip              |       |       |    84 |    86 |       |       ||   170
       Trident           |       |       |       |   281 |   889 |   947 ||  2117
       Staff             |       |       |       |       |     8 |       ||     8
Throw: Stone             |       |     3 |    12 |    18 |    53 |    24 ||   110
       Javelin           |       |     4 |    22 |     2 |       |       ||    28
       Dart              |       |       |    11 |     4 |     6 |       ||    21
       Throwing net      |       |       |     1 |       |       |       ||     1
 Cast: Freeze            |    38 |    66 |    50 |    37 |     7 |       ||   198
       Frozen Ramparts   |       |     9 |    31 |    69 |   124 |    75 ||   308
       Summon Ice Beast  |       |       |     3 |     7 |    49 |    91 ||   150
       Passwall          |       |       |     1 |     2 |     2 |       ||     5
       Necrotise         |       |       |     2 |    23 |    25 |     5 ||    55
       Ozocubu's Armour  |       |       |     2 |    11 |    18 |     5 ||    36
       Mephitic Cloud    |       |       |       |     3 |    25 |     1 ||    29
       Hailstorm         |       |       |       |       |     1 |       ||     1
       Poisonous Vapours |       |       |       |       |       |    45 ||    45
       Summon Lightning  |       |       |       |       |       |   121 ||   121
       Summon Mana Viper |       |       |       |       |       |    55 ||    55
Invok: Call Merchant     |       |       |       |     1 |     2 |     2 ||     5
       Potion Petition   |       |       |       |       |       |     1 ||     1
 Abil: Hop               |       |       |     4 |     1 |     6 |     2 ||    13
Evoke: Wand              |       |       |     3 |       |       |     2 ||     5
  Use: Scroll            |       |     6 |     7 |    10 |     4 |    13 ||    40
       Potion            |       |       |     2 |       |       |       ||     2
 Stab: Sleeping          |       |     6 |       |     4 |     1 |       ||    11
       Distracted        |       |       |       |     1 |     4 |    19 ||    24
       Confused          |       |       |       |     2 |    11 |     2 ||    15
       Invisible         |       |       |       |       |       |     2 ||     2
Armor: Robe              |     7 |    19 |    39 |   123 |    66 |       ||   254
       Ring mail         |       |       |       |       |    78 |       ||    78
       Scale mail        |       |       |       |       |   250 |   427 ||   677
Dodge: Dodged            |    22 |    46 |   103 |   185 |   401 |   299 ||  1056
       Repelled          |       |       |       |       |       |    26 ||    26
Block: Buckler           |       |       |    11 |    63 |   196 |    94 ||   364
       Kite shield       |       |       |       |       |       |   269 ||   269

Table legend: (Time is in decaauts)
 A = Elapsed time spent in this place.
 B = Non-inter-level travel time spent in this place.
 C = Inter-level travel time spent in this place.
 D = Time resting spent in this place.
 E = Time spent auto-exploring this place.
 F = Levels seen in this place.
 G = Mean time per level.
                   A        B        C        D        E       F      G
               +--------+--------+--------+--------+--------+-----+--------+
         Total |  90523 |  83201 |   7322 |  52069 |  15283 |  32 | 2828.8 |
       Dungeon |  39939 |  35611 |   4328 |  20501 |   7615 |  15 | 2662.6 |
        Temple |     27 |     27 |      0 |     26 |      0 |   1 |   27.0 |
          Lair |  13695 |  11771 |   1924 |   5785 |   3096 |   5 | 2739.0 |
         Swamp |  11919 |  11622 |    297 |   8370 |   1611 |   4 | 2979.8 |
     Snake Pit |  19310 |  18620 |    690 |  13391 |   2370 |   4 | 4827.5 |
  Orcish Mines |   5601 |   5520 |     81 |   3995 |    588 |   2 | 2800.5 |
        Vaults |     30 |     30 |      0 |      0 |      0 |   1 |   30.0 |
               +--------+--------+--------+--------+--------+-----+--------+

Top non-repeatable levels by time:
 Snake:4: 8893 daAuts
 Snake:2: 5308 daAuts
  Lair:5: 4831 daAuts
 Swamp:4: 4425 daAuts
    D:14: 4090 daAuts
    D:12: 4085 daAuts
   Orc:1: 3704 daAuts
 Swamp:2: 3665 daAuts
    D:15: 3645 daAuts
    D:11: 3306 daAuts
     D:6: 3223 daAuts
     D:8: 2894 daAuts
     D:5: 2677 daAuts
  Lair:1: 2677 daAuts
 Snake:1: 2565 daAuts
